 Dungeon Crawl Stone Soup version 0.18.1-6-gd335043 (webtiles) character file.

10857 Moloch the Severer (level 11, -6/77 HPs)
             Began as a Demonspawn Fighter on May 17, 2016.
             Was an Elder of Okawaru.
             Mangled by an orc knight
             ... wielding a +0 bardiche
              (22 damage)
             ... on level 2 of the Orcish Mines.
             The game lasted 00:21:42 (10829 turns).

Moloch the Severer (Demonspawn Fighter)            Turns: 10829, Time: 00:21:43

Health: -6/77      AC: 18    Str: 24    XL:     11   Next: 41%
Magic:  11/11      EV: 11    Int: 11    God:    Okawaru [****..]
Gold:   610        SH:  0    Dex: 17    Spells: 0 memorised, 10 levels left

rFire  + . .     SeeInvis .     h - +3 battleaxe
rCold  . . .     Gourm    .     F - +0 plate armour {rF+}
rNeg   + + +     Faith    .     (shield currently unavailable)
rPois  .         Spirit   .     (no helmet)
rElec  .         Dismiss  .     H - +2 cloak {MR+}
rCorr  +         Reflect  .     r - +0 pair of gloves
SustAt .         Harm     .     (no boots)
MR     +....                    v - amulet "Cyhucir" {rN++ Regen+}
Stlth  ..........               u - ring of resist corrosion
                                q - ring of positive energy

@: mighty, agile, somewhat resistant to hostile enchantments, extremely
unstealthy
A: talons 1, slimy green scales 2, powered by pain 2, rot immunity
a: Heroism, Renounce Religion


You were on level 2 of the Orcish Mines.
You worshipped Okawaru.
Okawaru was greatly pleased with you.
You were not hungry.

You visited 3 branches of the dungeon, and saw 13 of its levels.

You collected 985 gold pieces.
You spent 375 gold pieces at shops.

Inventory:

Hand Weapons
 h - a +3 battleaxe (weapon)
Armour
 r - a +0 pair of gloves (worn)
 F - a +0 plate armour of fire resistance (worn)
 H - a +2 cloak of magic resistance (worn)
Jewellery
 q - a ring of positive energy (left hand)
 u - a ring of resist corrosion (right hand)
 v - the amulet "Cyhucir" (around neck) {rN++ Regen+}
   (You found it on level 4 of the Dungeon)

   [amulet of regeneration]

   It greatly protects you from negative energy.
   It increases your rate of regeneration.
Wands
 c - a wand of acid (4/15)
 C - a wand of iceblast (1/15)
 G - a wand of lightning (0/15)
Scrolls
 i - 2 scrolls of random uselessness {unknown}
 k - 3 scrolls of enchant weapon {unknown}
 m - 3 scrolls of immolation {unknown}
 o - a scroll of enchant armour {unknown}
 t - 5 scrolls of identify
 w - 4 scrolls of magic mapping {unknown}
 y - a scroll of noise {unknown}
 B - 2 scrolls of amnesia {unknown}
Potions
 a - a potion of ambrosia
 d - a potion of might
 e - 2 potions of brilliance
 j - 2 potions of cancellation
 l - a potion of curing
 p - 2 potions of flight
 z - 2 potions of heal wounds
 A - a potion of resistance
 D - a potion of magic
Comestibles
 b - a slice of pizza
 f - 3 bread rations
 n - 3 meat rations
 s - 10 chunks of flesh
 x - a fruit


   Skills:
 + Level 4.1 Fighting
 * Level 15.6 Axes
 - Level 2.6 Armour
   Level 2.6 Shields


You had 10 spell levels left.
You didn't know any spells.

Dungeon Overview and Level Annotations

Branches:
Dungeon (10/15)            Temple (1/1) D:7            Lair (0/8) D:8
    Orc (2/2) D:9             Elf (0/3) Orc:2

Altars:
Dithmenos
Fedhas
Gozag
Kikubaaqudgha
Makhleb
Okawaru
Ru
Sif Muna
Trog
Vehumet
Xom
Yredelemnul
Zin
The Shining One
Beogh

Shops:
D:8 (   D:10 *


Innate Abilities, Weirdness & Mutations

You have sharp toenails.
You are mostly covered in slimy green scales (AC +3).
You sometimes gain power by taking damage.
You are immune to rotting.


Message History

The orc knight is moderately wounded.
The orc knight hits you with a bardiche!!
* * * LOW HITPOINT WARNING * * *
You are too injured to fight recklessly!
You are too injured to fight recklessly!
You closely miss the orc knight.
You claw the orc knight, but do no damage.
The orc knight is moderately wounded.
You slash the orc knight! Your kick misses the orc knight.
The orc knight is severely wounded.
The orc knight closely misses you.
An orc comes into view.
You hit the orc knight but do no damage.
You claw the orc knight!
The orc knight is severely wounded.
You slash the orc knight!
You claw the orc knight, but do no damage.
The orc knight is almost dead.
The orc knight hits you with a bardiche!!
You die...

#...########..###.........
####.#..........#.......).##
##.##.#.######....o.....).##
#.......# #........#..##
##......+ #...#.......#
##.#.....######........##.#
#...##.................##.#
#...#.........o.........#.##
##.>..........@)........##..##
#....#.......)).#####..##....##
#....###.......## ##.#...#...
#......#.......# #.........
##.#...........# #.........
##.#...[)).....+ #......#..
#......).[.....# ##.........
##.....<........#####..........
##.............................


You could see an orc knight and an orc.

Vanquished Creatures
  The ghost of Waterpls the Carver, a journeyman HESk of Okawaru (Orc:2)
  The ghost of Moloch the Cleaver, a novice DsFi of Okawaru (D:7)
  An orc knight (Orc:2)
  Maurice (Orc:1)
  4 trolls
  Sigmund (D:6)
  A wraith (D:9)
  2 hippogriffs (D:7)
  Menkaure (D:6)
  5 wargs
  A water moccasin (D:8)
  10 orc warriors
  2 ice beasts
  4 phantoms
  3 necrophages
  10 ogres
  A centaur (D:5)
  A big kobold (D:8)
  A crocodile (D:9)
  2 gnoll sergeants
  7 giant frogs
  A scorpion (D:8)
  9 killer bees
  4 howler monkeys (D:9)
  8 wights
  An electric eel (D:10)
  3 crimson imps
  4 hounds
  Crazy Yiuf (D:3)
  2 giant frog skeletons
  2 centaur skeletons
  2 jellies
  15 orc priests
  21 orc wizards
  Natasha (D:4)
  3 iguanas
  13 worker ants
  A killer bee zombie (D:7)
  A worker ant zombie (D:7)
  8 gnolls
  A howler monkey skeleton (D:7)
  4 adders
  3 worms
  An adder skeleton (D:4)
  5 dart slugs
  3 giant geckos
  56 orcs
  4 giant cockroaches
  5 goblins
  8 hobgoblins
  2 quokkas
  2 ball pythons
  4 bats
  2 giant newts
  2 jackal zombies
  17 kobolds
  A quokka skeleton (D:7)
  9 rats
289 creatures vanquished.

Notes
Turn   | Place    | Note
--------------------------------------------------------------
     0 | D:1      | Moloch the Demonspawn Fighter began the quest for the Orb.
     0 | D:1      | Reached XP level 1. HP: 18/18 MP: 1/1
    90 | D:1      | Reached skill level 2 in Axes
   189 | D:1      | Gained mutation: You are partially covered in slimy green scales (AC +2). [demonic ancestry]
   189 | D:1      | Reached XP level 2. HP: 20/24 MP: 2/2
   621 | D:1      | Reached skill level 3 in Axes
   720 | D:1      | Reached XP level 3. HP: 22/29 MP: 3/3
  1583 | D:3      | Reached skill level 4 in Axes
  1583 | D:3      | Gained mutation: You sometimes gain a little power by taking damage. [demonic ancestry]
  1583 | D:3      | Reached XP level 4. HP: 18/35 MP: 4/4
  2086 | D:3      | Noticed Crazy Yiuf
  2105 | D:3      | Killed Crazy Yiuf
  2105 | D:3      | Gained mutation: You are mostly covered in slimy green scales (AC +3). [demonic ancestry]
  2105 | D:3      | Reached XP level 5. HP: 27/41 MP: 2/5
  2568 | D:4      | Noticed an ogre
  2575 | D:4      | Killed an ogre
  2575 | D:4      | Reached skill level 5 in Axes
  2837 | D:4      | Gained mutation: You are immune to rotting. [demonic ancestry]
  2837 | D:4      | Reached XP level 6. HP: 45/47 MP: 6/6
  2871 | D:4      | Got a fine ruby amulet
  2872 | D:4      | Identified the amulet "Cyhucir" {rN++ Regen+} (You found it on level 4 of the Dungeon)
  3021 | D:3      | Reached skill level 6 in Axes
  3347 | D:4      | Noticed Natasha
  3359 | D:4      | Killed Natasha
  3359 | D:4      | Reached skill level 7 in Axes
  3359 | D:4      | Reached XP level 7. HP: 43/52 MP: 7/7
  3512 | D:5      | Entered Level 5 of the Dungeon
  3686 | D:5      | Found a glowing golden altar of the Shining One.
  3864 | D:5      | Reached skill level 8 in Axes
  4000 | D:5      | Gained mutation: You have sharp toenails. [demonic ancestry]
  4000 | D:5      | Reached XP level 8. HP: 53/58 MP: 8/8
  4254 | D:5      | Reached skill level 9 in Axes
  4695 | D:6      | Noticed Sigmund
  4711 | D:6      | Reached skill level 10 in Axes
  4727 | D:6      | Killed Sigmund
  4791 | D:6      | Noticed Menkaure
  4810 | D:6      | Killed Menkaure
  5202 | D:6      | Gained mutation: You sometimes gain power by taking damage. [demonic ancestry]
  5202 | D:6      | Reached XP level 9. HP: 58/63 MP: 9/9
  5323 | D:7      | Noticed Moloch's ghost (novice DsFi)
  5415 | D:7      | Reached skill level 11 in Axes
  5669 | D:7      | Found a staircase to the Ecumenical Temple.
  5693 | Temple   | Entered the Ecumenical Temple
  5713 | Temple   | Became a worshipper of Warmaster Okawaru
  6066 | D:7      | Reached skill level 12 in Axes
  6373 | D:7      | Reached * piety under Okawaru
  6599 | D:7      | Killed Moloch's ghost
  6643 | D:8      | Found Zujynol's Antique Weapon Shop.
  6646 | D:8      | Reached XP level 10. HP: 61/70 MP: 10/10
  6655 | D:8      | Bought a glowing eveningstar for 375 gold pieces
  6709 | D:8      | Reached skill level 13 in Axes
  6948 | D:8      | Found a staircase to the Lair.
  7031 | D:8      | Reached ** piety under Okawaru
  7068 | D:8      | Found an iron altar of Okawaru.
  7535 | D:8      | Found a blossoming altar of Fedhas.
  7930 | D:9      | Found a bloodstained altar of Trog.
  7930 | D:9      | Found an ancient bone altar of Kikubaaqudgha.
  7931 | D:9      | Found a radiant altar of Vehumet.
  8057 | D:9      | Found a deep blue altar of Sif Muna.
  8060 | D:9      | Found a burning altar of Makhleb.
  8226 | D:9      | Found a staircase to the Orcish Mines.
  8267 | D:9      | Reached skill level 14 in Axes
  8390 | D:9      | Found a roughly hewn altar of Beogh.
  8892 | D:10     | Entered Level 10 of the Dungeon
  9039 | D:10     | Found Sagol's General Store.
  9056 | D:9      | Reached *** piety under Okawaru
  9153 | D:10     | Noticed a fire giant
  9247 | Orc:1    | Entered Level 1 of the Orcish Mines
  9464 | Orc:1    | Noticed Maurice
  9481 | Orc:1    | Killed Maurice
  9481 | Orc:1    | Reached XP level 11. HP: 75/75 MP: 11/11
  9532 | Orc:1    | Reached skill level 15 in Axes
  9666 | Orc:1    | Reached **** piety under Okawaru
  9786 | Orc:2    | Entered Level 2 of the Orcish Mines
 10203 | Orc:2    | Noticed an orc knight
 10217 | Orc:2    | Noticed Waterpls's ghost (journeyman HESk)
 10500 | Orc:2    | Killed Waterpls's ghost
 10651 | Orc:2    | Found a staircase to the Elven Halls.
 10747 | Orc:2    | Noticed an orc knight
 10791 | Orc:2    | Killed an orc knight
 10829 | Orc:2    | Mangled by an orc knight

Skill      XL: |  1  2  3  4  5  6  7  8  9 10 11 |
---------------+----------------------------------+-----
Axes           | 2 3 4 5 7 8 10 12 14 15 | 15.6
Fighting       | 4 |  4.1
Armour         | |  2.6
Shields        | |  2.6

Action                   |  1- 3 |  4- 6 |  7- 9 | 10-12 || total
-------------------------+-------+-------+-------+-------++-------
Melee: War axe           |   114 |   172 |   422 |   111 ||   819
       Kick              |       |       |    92 |   115 ||   207
       Battleaxe         |       |       |       |   342 ||   342
Invok: Heroism           |       |       |     1 |     4 ||     5
Evoke: Wand              |       |       |       |     5 ||     5
  Use: Scroll            |       |     4 |     4 |     2 ||    10
       Potion            |       |       |     2 |     5 ||     7
  Eat: Chunk             |     2 |     7 |    12 |    12 ||    33
       Beef jerky        |       |       |       |     1 ||     1
Armor: Scale mail        |    61 |    75 |   147 |       ||   283
       Plate armour      |       |       |    23 |   351 ||   374
Dodge: Dodged            |    26 |    42 |   118 |   121 ||   307
Block: Shield            |    61 |    58 |   181 |    46 ||   346
